 Dungeon Crawl Stone Soup version 0.27.0-1-g7a089689b8 (webtiles) character file.

Game seed: 16755549389518954808

42 HungrySpirit the Vexing (level 3, -2/27 HPs)
             Began as a Human Arcane Marksman on July 31, 2021.
             Was a Follower of Fedhas.
             Slain by an adder (4 damage)
             ... on level 2 of the Dungeon.
             The game lasted 00:01:23 (1650 turns).

HungrySpirit the Vexing (Human Arcane Marksman)     Turns: 1650, Time: 00:01:24

Health: -2/27      AC:  2    Str: 11    XL:     3   Next: 77%
Magic:  4/4        EV: 12    Int: 13    God:    Fedhas [*.....]
Gold:   97         SH:  0    Dex: 13    Spells: 3/4 levels left

rFire    . . .     SeeInvis .   g - +0 mace
rCold    . . .     Faith    .   (no shield)
rNeg     . . .     Spirit   .   d - +0 robe
rPois    .         Reflect  .   (no helmet)
rElec    .         Harm     .   (no cloak)
rCorr    .         Rampage  .   (no gloves)
Will     .....                  (no boots)
Stlth    +.........             (no amulet)
HPRegen  0.09/turn              (no ring)
MPRegen  0.09/turn              (no ring)

@: lethally poisoned (-2 -> -5)
A: no striking features
a: Renounce Religion


You were on level 2 of the Dungeon.
You worshipped Fedhas.
Fedhas was aware of your devotion.
You visited 1 branch of the dungeon, and saw 2 of its levels.

You collected 97 gold pieces.

Inventory:

Hand Weapons
 a - a +0 shortbow
 g - a +0 mace (weapon)
Missiles
 c - 11 arrows
Armour
 d - a +0 robe (worn)
Jewellery
 b - a ring of fire
Scrolls
 e - a scroll of enchant armour {unknown}
 f - a scroll of amnesia {unknown}
 h - 2 scrolls of magic mapping {unknown}
 i - 2 scrolls of identify {unknown}
 j - a scroll of vulnerability {unknown}


   Skills:
 + Level 1.9 Fighting
 * Level 0.7 Maces & Flails
 - Level 2.0 Bows
 + Level 1.4 Armour
 + Level 2.6 Dodging
 - Level 1.0 Spellcasting
 - Level 3.0 Hexes


You had 3 spell levels left.
You knew the following spells:

 Your Spells              Type           Power      Damage    Failure   Level
a - Corona                Hex            8%         N/A       9%          1

Your spell library contained the following spells:

 Spells                   Type           Power      Damage    Failure   Level
 Slow                     Hex            8%         N/A       12%         2
 Inner Flame              Hex/Fire       4%         N/A       41%         3
 Portal Projectile        Hex/Tloc       8%         N/A       41%         3
 Cause Fear               Hex            4%         N/A       63%         4


Dungeon Overview and Level Annotations

Branches:
Dungeon (2/15)

Altars:
Fedhas


Message History

No target in view!
Search for what [? for help]? armor You see here a rat corpse.
You see here a rat corpse.
You now have 97 gold pieces (gained 10).
An adder comes into view.
An adder is nearby!
An adder is nearby!
An adder is nearby!
The adder hisses angrily.
You closely miss the adder. The adder bites you. x2
You are poisoned.
The adder poisons you!
You barely miss the adder.
You feel sick. The adder closely misses you. The adder bites you.
You closely miss the adder.
You feel sick. The adder bites you. The adder bites you but does no damage.
You are too injured to fight recklessly!
You are too injured to fight recklessly!
You are too injured to fight recklessly!
You are too injured to fight recklessly!
You aren't carrying any potions.
Unknown command.
You hit the adder.
The adder is lightly wounded.
You feel sick. The adder misses you. The adder bites you.
* * * LOW HITPOINT WARNING * * *
You are lethally poisoned!
The adder poisons you!
You barely miss the adder.
The adder is lightly wounded.
* * * LOW HITPOINT WARNING * * *
You feel sick. The adder bites you.
* * * LOW HITPOINT WARNING * * *
You hit the adder.
The adder is lightly wounded.
* * * LOW HITPOINT WARNING * * *
You feel sick. The adder barely misses you. The adder bites you.
You die...
Fedhas appreciates your contribution to the ecosystem.

######### .........#
..........######
...............#
..............#
#####........S...###
............@......#
...#...$........#.#
................+
.#............#
#............#
#............#
#............#
#............#
#....######### #..


You could see an adder.

Vanquished Creatures
  An adder (D:2)
  2 dart slugs
  3 bats (D:1)
  An endoplasm (D:1)
  A giant cockroach (D:1)
  3 hobgoblins (D:1)
  4 kobolds
  2 quokkas (D:1)
  3 ball pythons
  4 frilled lizards
  4 rats
28 creatures vanquished.

Vanquished Creatures (others)
  A fungus (D:1)
1 creature vanquished.

Grand Total: 29 creatures vanquished

Notes
Turn   | Place    | Note
-------+----------+-------------------------------------------
     0 | D:1      | HungrySpirit the Human Arcane Marksman began the quest for
                  | the Orb.
     0 | D:1      | Reached XP level 1. HP: 15/15 MP: 2/2
   167 | D:1      | Reached XP level 2. HP: 16/21 MP: 3/3
   376 | D:1      | Reached skill level 1 in Armour
   592 | D:1      | Reached XP level 3. HP: 22/27 MP: 4/4
   831 | D:1      | Found a faded altar of an unknown god.
   849 | D:1      | Became a worshipper of Fedhas Madash
   849 | D:1      | Reached * piety under Fedhas
  1650 | D:2      | Slain by an adder

Illustrated notes

Levels and vault maps discovered:
D:1:      dpeg_arrival_windows_large_door, layout_basic,
          shapermc_ecumenical_altar_gd
D:2:      layout_basic, st_stairs_10, grunt_ministairs_10

Skill      XL: |  1  2 |
---------------+-------+-----
Armour         | 1 |  1.4
Fighting       | |  1.9
Maces & Flails | |  0.7
Bows           | |  2.0
Dodging        | |  2.6
Spellcasting   | |  1.0
Hexes          | |  3.0

Action                   || total
-------------------------++-------
Melee: Mace              ||    38
 Fire: Shortbow          ||    58
 Stab: Sleeping          ||     1
Armor: Robe              ||    18
Dodge: Dodged            ||    40
